 Dungeon Crawl Stone Soup version 0.29-a0-878-g7b45a56547 (webtiles) character file.

Game seed: 13218040332303586754

15296 Locuples the Severer (level 12, -5/112 HPs)
             Began as a Minotaur Berserker on July 20, 2022.
             Was a High Priest of Trog.
             Slain by an orc warrior
             ... wielding a +0 battleaxe
              (15 damage)
             ... on level 2 of the Orcish Mines.
             The game lasted 00:25:37 (11743 turns).

Locuples the Severer (Minotaur Berserker)          Turns: 11743, Time: 00:25:37

Health: -5/112     AC: 18    Str: 25    XL:     12   Next: 0%
Magic:  11/11      EV: 13    Int:  4    God:    Trog [*****.]
Gold:   876        SH:  0    Dex: 18    Spells: 11/11 levels left

rFire   . . .      SeeInvis .   d - +2 war axe
rCold   . . .      Faith    .   (no shield)
rNeg    . . .      Spirit   .   w - +0 plate armour
rPois   .          Reflect  +   L - +0 hat {Stlth+}
rElec   .          Harm     .   I - +0 cloak
rCorr   .          Rampage  .   v - +0 pair of gloves
Will    ++...                   (no boots)
Stlth   ..........              n - amulet of reflection
HPRegen 1.28/turn               h - +6 ring of dexterity
MPRegen 0.12/turn               y - +4 ring of evasion

@: confused, ambrosia-drunk, strong-willed, regenerating
A: horns 2, retaliatory headbutt
a: Renounce Religion, Berserk, Trog's Hand, Brothers in Arms


You were on level 2 of the Orcish Mines.
You worshipped Trog.
Trog was extremely pleased with you.
You visited 2 branches of the dungeon, and saw 11 of its levels.

You collected 876 gold pieces.

Inventory:

Hand Weapons
 d - a +2 war axe (weapon)
 e - a +0 war axe
 O - a +0 broad axe
Missiles
 b - 6 throwing nets (quivered)
Armour
 v - a +0 pair of gloves (worn)
 w - a +0 plate armour (worn)
 I - a +0 cloak (worn)
 L - a +0 hat of stealth (worn)
Jewellery
 h - a +6 ring of dexterity (left hand)
 n - an amulet of reflection (around neck)
 y - a +4 ring of evasion (right hand)
 N - an amulet of faith
Wands
 x - a wand of iceblast (19)
 H - a wand of mindburst (7)
 K - a wand of digging (8)
Scrolls
 a - 2 scrolls of fog {unknown}
 f - 2 scrolls of blinking {unknown}
 i - 3 scrolls of fear
 l - a scroll of torment {unknown}
 o - 8 scrolls of identify {unknown}
 r - 2 scrolls of silence {unknown}
 z - 2 scrolls of enchant weapon {unknown}
 C - 4 scrolls of amnesia {unknown}
 E - 2 scrolls of vulnerability {unknown}
 G - a scroll of teleportation {unknown}
 J - 2 scrolls of magic mapping {unknown}
 M - a scroll of brand weapon {unknown}
Potions
 c - a potion of attraction
 g - 3 potions of degeneration {unknown}
 j - 2 potions of invisibility {unknown}
 k - a potion of might {unknown}
 m - 2 potions of cancellation {unknown}
 p - a potion of haste {unknown}
 q - a potion of resistance {unknown}
 s - a potion of brilliance {unknown}
 t - a potion of magic {unknown}
 u - 3 potions of lignification {unknown}
 A - 8 potions of ambrosia
 B - 2 potions of mutation {unknown}
 D - 6 potions of curing
 F - 3 potions of flight {unknown}


   Skills:
 + Level 11.9 Fighting
 + Level 16.1 Axes
 + Level 12.5 Armour
 + Level 3.9 Dodging
 - Level 0.1 Shields


You had 11 spell levels left.
You didn't know any spells.
Your spell library was empty.

Dungeon Overview and Level Annotations

Branches:
Dungeon (9/15)             Temple (0/1) D:7             Orc (2/2) D:9
    Elf (0/3) Orc:2
   Lair: D:8-11

Altars:
Fedhas
Nemelex Xobeh
Okawaru
Ru
Wu Jian
Zin

Shops:
D:1 (   D:6 :

Annotations:
D:9 2 transporters, aves's ghost, novice DsFi


Innate Abilities, Weirdness & Mutations

You have a pair of horns on your head.
You reflexively headbutt those who attack you in melee.


Message History

The centaur kicks you but does no damage.
The orc warrior hits you with a +0 battleaxe!
Things that are here:
a +0 arbalest; an orc corpse You slash the orc warrior!
You headbutt the orc warrior!
The orc warrior is severely wounded.
You hit the centaur.
The orc warrior hits you with a +0 battleaxe!
* * * LOW HITPOINT WARNING * * *
Your skin crawls.
You feel strong-willed.
The centaur wields a +1 shortbow of flaming.
It bursts into flame!
The centaur shoots an arrow.
The arrow hits you!
* * * LOW HITPOINT WARNING * * *
The arrow burns you.
* * * LOW HITPOINT WARNING * * *
The centaur barely misses you. The centaur closely misses you.
The orc warrior hits you with a +0 battleaxe.
* * * LOW HITPOINT WARNING * * *
The centaur hits you but does no damage.
The centaur kicks you but does no damage.
The centaur shoots an arrow.
The arrow completely misses you.
The arrow hits the orc warrior.
The arrow burns the orc warrior.
You hear a shout!
The centaur attacks as you move away!
The centaur hits you but does no damage.
The centaur closely misses you.
The centaur wields a +0 shortbow.
The centaur shoots an arrow.
The arrow closely misses you.
The orc warrior hits you with a +0 battleaxe!
* * * LOW HITPOINT WARNING * * *
Items here: )))))) [ ††.
You are confused.
You feel invigorated.
The centaur shoots an arrow.
The arrow hits you but does no damage. The orc warrior closely misses you.
You bump into the rock wall.
The centaur shoots an arrow.
The arrow hits you but does no damage.
The orc warrior hits you from afar with a +0 halberd.
* * * LOW HITPOINT WARNING * * *
The orc warrior hits you with a +0 battleaxe!
You die...

.....≈≈≈≈## ##≈≈≈≈...
.......≈≈≈# #≈≈≈.....
........≈≈# #≈≈.....
.##..##.).###.c.##..#
.......).............
.......).............
#########))o######### ##c##
#o@)# #### ##)## #..# ##))#
..## ##)).#### ...###
##.......# .....##
#.......## ......##
##........### .......#
##...........##
>......###.<...........###.


You could see 2 orc warriors and 2 centaurs.

Vanquished Creatures
  Gastronok (D:8)
  Harold (D:9)
  Erica (D:8)
  A two-headed ogre (D:9)
  2 orc knights
  An orc sorcerer (Orc:2)
  A cyclops (D:6)
  A troll (D:9)
  A queen bee (Orc:1)
  2 hornets
  Sigmund (D:6)
  2 wyverns
  9 yaks
  2 steam dragons
  A basilisk (D:9)
  3 water moccasins
  16 orc warriors
  2 sky beasts
  7 ogres
  12 centaurs
  A phantom (D:5)
  6 kobold brigands
  4 bullfrogs
  4 gnoll sergeants
  A necrophage (D:7)
  A scorpion (D:5)
  9 wights
  33 killer bees
  A howler monkey (D:9)
  9 hounds
  A jelly (D:7)
  5 orc priests
  A gnoll bouda (D:5)
  4 iguanas
  Ijyb (D:4)
  13 orc wizards
  9 adders
  14 gnolls
  2 white imps
  An adder zombie (D:2)
  An adder skeleton (D:2)
  A worm (D:3)
  4 dart slugs
  72 orcs
  7 ball pythons
  5 bats
  2 bat skeletons (D:2)
  7 endoplasms
  4 giant cockroaches
  19 goblins
  11 hobgoblins
  37 kobolds
  3 quokkas
  A ball python skeleton (D:2)
  2 ball python zombies (D:2)
  4 frilled lizards
  A quokka skeleton (D:2)
  3 rats
371 creatures vanquished.

Vanquished Creatures (others)
  4 plants (D:4)
4 creatures vanquished.

Grand Total: 375 creatures vanquished

Notes
Turn   | Place    | Note
-------+----------+-------------------------------------------
     0 | D:1      | Locuples the Minotaur Berserker began the quest for the
                  | Orb.
     0 | D:1      | Reached XP level 1. HP: 19/19 MP: 0/0
   136 | D:1      | Found Ecyhy's Weapon Boutique.
   143 | D:1      | Reached XP level 2. HP: 23/27 MP: 1/1
   264 | D:1      | Reached skill level 4 in Axes
   821 | D:1      | Reached XP level 3. HP: 33/33 MP: 2/2
   908 | D:1      | Reached ** piety under Trog
  1343 | D:2      | Reached XP level 4. HP: 41/41 MP: 3/3
  1459 | D:2      | Found a faded altar of an unknown god.
  1671 | D:3      | Reached skill level 5 in Axes
  1803 | D:3      | Reached XP level 5. HP: 22/47 MP: 4/4
  2177 | D:3      | Found a blossoming altar of Fedhas.
  2309 | D:3      | Reached *** piety under Trog
  2644 | D:4      | Reached skill level 5 in Fighting
  2857 | D:4      | Noticed Ijyb
  2866 | D:4      | Reached XP level 6. HP: 30/56 MP: 5/5
  2872 | D:4      | Killed Ijyb
  2873 | D:4      | Reached skill level 6 in Axes
  3232 | D:4      | Reached **** piety under Trog
  3432 | D:4      | Found an iron altar of Okawaru.
  4100 | D:5      | Entered Level 5 of the Dungeon
  4140 | D:5      | Reached skill level 5 in Armour
  4140 | D:5      | Reached XP level 7. HP: 58/61 MP: 6/6
  4144 | D:5      | Found a glowing silver altar of Zin.
  4151 | D:5      | Reached skill level 7 in Axes
  4205 | D:5      | Found a sparkling altar of Nemelex Xobeh.
  4775 | D:5      | Reached skill level 8 in Axes
  4845 | D:5      | Reached XP level 8. HP: 61/71 MP: 7/7
  5280 | D:5      | Noticed a hornet
  5284 | D:5      | Paralysed by a hornet for 2 turns
  5292 | D:5      | Killed a hornet
  5573 | D:6      | Noticed Sigmund
  5581 | D:6      | Killed Sigmund
  5582 | D:6      | Reached skill level 9 in Axes
  6029 | D:6      | Noticed a cyclops
  6042 | D:6      | Killed a cyclops
  6043 | D:6      | Reached skill level 10 in Axes
  6043 | D:6      | Reached XP level 9. HP: 19/81 MP: 8/8
  6681 | D:6      | Found an ornate altar of the Wu Jian Council.
  6719 | D:6      | Found Dood's Book Emporium.
  7410 | D:7      | Found a staircase to the Ecumenical Temple.
  7457 | D:7      | Reached skill level 11 in Axes
  8281 | D:8      | Found a sacrificial altar of Ru.
  8454 | D:8      | Noticed Erica
  8464 | D:8      | Killed Erica
  8465 | D:8      | Reached skill level 12 in Axes
  8465 | D:8      | Reached skill level 10 in Armour
  8465 | D:8      | Reached XP level 10. HP: 89/91 MP: 9/9
  8660 | D:8      | Reached skill level 13 in Axes
  8903 | D:8      | Noticed Gastronok
  8919 | D:8      | Killed Gastronok
  8921 | D:8      | Reached skill level 10 in Fighting
  9459 | D:9      | Noticed Harold
  9467 | D:9      | Reached skill level 14 in Axes
  9472 | D:9      | Killed Harold
  9473 | D:9      | Reached XP level 11. HP: 96/100 MP: 10/10
  9504 | D:9      | Noticed a two-headed ogre
  9513 | D:9      | Killed a two-headed ogre
  9567 | D:9      | Reached ***** piety under Trog
  9579 | D:9      | Reached skill level 15 in Axes
  9582 | D:9      | HP: 5/101 [ogre/+0 giant spiked club (15)]
  9608 | D:9      | Found a staircase to the Orcish Mines.
  9896 | D:9      | Identified the +1 chain mail of Otoziq {Dex+7}
 10080 | D:9      | Noticed aves's ghost (novice DsFi)
 10158 | D:9      | Found a transporter.
 10163 | D:9      | Found a transporter.
 10392 | Orc:1    | Entered Level 1 of the Orcish Mines
 10627 | Orc:1    | Noticed an orc knight
 10641 | Orc:1    | Killed an orc knight
 10848 | Orc:1    | Noticed a wolf spider
 10849 | Orc:1    | Noticed a wolf spider
 11330 | Orc:2    | Entered Level 2 of the Orcish Mines
 11337 | Orc:2    | Found a staircase to the Elven Halls.
 11345 | Orc:2    | Noticed an orc sorcerer
 11349 | Orc:2    | Noticed a soul eater
 11359 | Orc:2    | Killed an orc sorcerer
 11603 | Orc:2    | Reached skill level 16 in Axes
 11623 | Orc:2    | Noticed an orc knight
 11656 | Orc:2    | Killed an orc knight
 11681 | Orc:2    | Reached XP level 12. HP: 54/112 MP: 11/11
 11741 | Orc:2    | HP: 3/112 [orc warrior/+0 battleaxe (10)]
 11743 | Orc:2    | Slain by an orc warrior

Illustrated notes

Levels and vault maps discovered:
D:1:      dpeg_arrival_rooms_c, layout_basic, serial_shops, shop,
          minmay_tiny_reverse_x
D:2:      layout_rooms, serial_undead, serial_undead_a, serial_undead_b,
          serial_undead_f, serial_undead_d, chequers_ecumenical_altar_island,
          st_stairs_4
D:3:      layout_basic, marbit_many_paths, minmay_strange_pillars
D:4:      corexii_shantytown, layout_loops_ring,
          mainiacjoe_overflow_concentric_impassable, uniq_ijyb
D:5:      minmay_general_purpose_star, layout_loops_corners,
          mainiacjoe_overflow_paths, zin_treasury,
          minmay_misc_feat_secret_circle
D:6:      layout_basic, nicolae_wu_jian_glorious_leap, serial_shops,
          kennysheep_little_box, minmay_statues_item, minmay_tree_intersection,
          uniq_sigmund
D:7:      layout_basic, temple_fountains
D:8:      layout_basic, nicolae_ru_awakened_eye, st_stairs_12, uniq_gastronok,
          uniq_erica
D:9:      layout_basic, kennysheep_orc_monster_closet_entryway,
          gammafunk_ghost_hive, uniq_harold
Orc:1:    nicolae_orc_accident_3, layout_caves, special_room [special_room_bee],
          basic_altar
Orc:2:    st_orc_rangers, layout_diamond_mine, basic_altar, minmay_orc_treasury

Skill      XL: |  1  2  3  4  5  6  7  8  9 10 11 |
---------------+----------------------------------+-----
Fighting       | 4 5 6 7 9 10 11 | 11.9
Axes           | 4 5 6 8 10 12 14 16 | 16.1
Armour         | 3 4 5 6 8 10 11 12 | 12.5
Dodging        | 3 |  3.9
Shields        | |  0.1

Action                   |  1- 3 |  4- 6 |  7- 9 | 10-12 || total
-------------------------+-------+-------+-------+-------++-------
Melee: Hand axe          |    82 |   221 |   138 |       ||   441
       Headbutt          |    12 |    44 |    53 |    55 ||   164
       Punch             |       |     1 |     4 |     7 ||    12
       War axe           |       |       |   118 |   301 ||   419
Invok: Berserk           |     1 |     2 |     6 |    11 ||    20
       Trog's Hand       |       |       |     1 |     7 ||     8
  Use: Scroll            |       |     2 |       |       ||     2
       Potion            |       |     2 |     2 |     3 ||     7
 Stab: Distracted        |       |       |     1 |       ||     1
Armor: Animal skin       |     2 |       |       |       ||     2
       Scale mail        |    37 |    27 |       |       ||    64
       Plate armour      |       |   107 |   145 |   148 ||   400
Dodge: Dodged            |    47 |    97 |   108 |   219 ||   471
Block: Other             |     3 |    45 |    53 |    81 ||   182
       Reflection        |       |     2 |       |    10 ||    12
       Orb               |       |       |     9 |       ||     9

Table legend: (Time is in decaauts)
 A = Elapsed time spent in this place.
 B = Non-inter-level travel time spent in this place.
 C = Inter-level travel time spent in this place.
 D = Time resting spent in this place.
 E = Time spent auto-exploring this place.
 F = Levels seen in this place.
 G = Mean time per level.
                   A        B        C        D        E       F      G
               +--------+--------+--------+--------+--------+-----+--------+
         Total |  11834 |  11760 |     74 |   1371 |   7697 |  11 | 1075.8 |
       Dungeon |  10474 |  10444 |     30 |   1295 |   6851 |   9 | 1163.8 |
  Orcish Mines |   1360 |   1316 |     44 |     76 |    846 |   2 |  680.0 |
               +--------+--------+--------+--------+--------+-----+--------+

Top non-repeatable levels by time:
     D:4: 1498 daAuts
     D:6: 1497 daAuts
     D:5: 1480 daAuts
     D:7: 1209 daAuts
     D:8: 1163 daAuts
     D:1: 1020 daAuts
     D:9: 986 daAuts
     D:3: 982 daAuts
   Orc:1: 936 daAuts
     D:2: 636 daAuts
   Orc:2: 424 daAuts
